 Dungeon Crawl Stone Soup version 0.23.0-3-gf3c87f2 (webtiles) character file.

Game seed: 16870159930717144548

58 misha the Poker (level 4, 0/51 HPs)
             Began as a Merfolk Gladiator on Feb 22, 2019.
             Slain by a goblin
             ... wielding a +0 club
             ... led by Robin
              (5 damage)
             ... on level 2 of the Dungeon on Feb 23, 2019.
             The game lasted 00:04:40 (1121 turns).

misha the Poker (Merfolk Gladiator)                 Turns: 1121, Time: 00:04:42

Health: 0/51       AC: 22    Str: 15    XL:     4   Next: 2%
Magic:  4/4        EV:  2    Int:  7    God:
Gold:   51         SH:  0    Dex: 15    Spells: 3/3 levels left

rFire    . . .     SeeInvis .   a - +0 trident
rCold    . . .     Gourm    .   (no shield)
rNeg     + + +     Faith    .   (armour currently unavailable)
rPois    +         Spirit   .   (helmet currently unavailable)
rElec    .         Reflect  .   (cloak currently unavailable)
rCorr    .         Harm     .   (gloves currently unavailable)
MR       .....     NoTele   +   (boots currently unavailable)
Stlth    ++........             (no amulet)
HPRegen  0.17/turn              (no ring)
MPRegen  0.09/turn              (no ring)

@: lethally poisoned (0 -> -5), tree-form
A: (change form in water), (swift swim), (stealthy swim)
a: no special abilities


You were on level 2 of the Dungeon.
You were not hungry.
You were a tree.
You visited 1 branch of the dungeon, and saw 2 of its levels.

You collected 51 gold pieces.

Inventory:

Hand Weapons
 a - a +0 trident (weapon)
Missiles
 d - 3 throwing nets (quivered)
 l - 28 sling bullets
Armour
 b - a +0 leather armour (melded)
 c - a +0 helmet (melded)
Scrolls
 i - 2 scrolls of identify
 k - a scroll of remove curse
Potions
 h - 2 potions of might {unknown}
 j - 2 potions of curing {unknown}
Comestibles
 f - 3 rations


   Skills:
 + Level 2.4 Fighting
 + Level 5.7 Polearms
 + Level 2.1 Throwing
 + Level 0.2 Armour
 + Level 4.6 Dodging
 + Level 1.0 Stealth


You had 3 spell levels left.
You didn't know any spells.
Your spell library was empty.

Dungeon Overview and Level Annotations

Branches:
Dungeon (2/15)

Altars:
Qazlal

Annotations:
D:2 Robin


Message History

* * * LOW HITPOINT WARNING * * *
You feel sick. Robin throws the goblin at you! The goblin misses you.
The goblin barely misses you.
There is a stormy altar of Qazlal here.
* * * LOW HITPOINT WARNING * * *
You feel sick.
The goblin no longer looks unusually strong. x2
The hobgoblin closely misses you.
Robin roars a battlecry!
The goblins go into a battle-frenzy!
The goblin unwields a +0 hunting sling.
The goblin wields a +1 dagger of venom.
It begins to drip with poison!
The goblin barely misses you.
The goblin hits you but does no damage. x2
It was a potion of lignification.
You turn into a tree.
Your +0 helmet melds into your body.
Your +0 leather armour melds into your body.
Your roots penetrate the ground.
The hobgoblin hits you but does no damage.
The goblin hits you but does no damage. The goblin hits you with a +0 club.
You die...

#......#.........
#.............$..
###.....##.......)
#.......#......(..
##................<
##......[.#.........
.......S.gg........$
......ggggg.....####
###...g♣g.#......##
#....?g.....##..#
#......###..##.)######
####..## ##.# #.)..<..
#..# )# ##g..... #.##
.# #...... #. #......
## #...... #######


You could see Robin, an adder, a hobgoblin and 8 goblins.

Vanquished Creatures
  A gnoll (D:1)
  An ooze (D:1)
  2 dart slugs (D:1)
  4 leopard geckos (D:1)
  5 bats (D:1)
  2 giant cockroaches (D:1)
  6 goblins
  A jackal (D:1)
  3 frilled lizards (D:1)
  3 kobolds (D:1)
  10 rats (D:1)
38 creatures vanquished.

Notes
Turn   | Place    | Note
-------+----------+-------------------------------------------
     0 | D:1      | misha the Merfolk Gladiator began the quest for the Orb.
     0 | D:1      | Reached XP level 1. HP: 16/16 MP: 1/1
    35 | D:1      | Reached XP level 2. HP: 20/22 MP: 2/2
   125 | D:1      | Reached skill level 5 in Polearms
   235 | D:1      | Reached XP level 3. HP: 28/28 MP: 3/3
  1098 | D:2      | Noticed Robin
  1109 | D:2      | Reached skill level 1 in Stealth
  1109 | D:2      | Reached XP level 4. HP: 11/34 MP: 4/4
  1111 | D:2      | Found a stormy altar of Qazlal.
  1121 | D:2      | Slain by a goblin

Skill      XL: |  1  2  3 |
---------------+----------+-----
Polearms       | 5 |  5.7
Stealth        | 1 |  1.0
Fighting       | |  2.4
Throwing       | |  2.1
Armour         | |  0.2
Dodging        | |  4.6

Action                   |  1- 3 |  4- 6 || total
-------------------------+-------+-------++-------
Melee: Trident           |   133 |     1 ||   134
  Use: Scroll            |     2 |       ||     2
       Potion            |       |     1 ||     1
 Stab: Sleeping          |     3 |       ||     3
  Eat: Ration            |     1 |       ||     1
Armor: Leather armour    |    38 |     8 ||    46
Dodge: Dodged            |   126 |    19 ||   145
